 Dungeon Crawl Stone Soup version 0.22.1-1-ga44c0e5 (webtiles) character file.

791 Monsterracer the Spear-Bearer (level 7, -3/56 HPs)
             Began as a Merfolk Chaos Knight on Sept 29, 2018.
             Killed from afar by Dowan (8 damage)
             ... with a puff of frost
             ... on level 6 of the Dungeon.
             The game lasted 00:08:24 (5560 turns).

Monsterracer the Spear-Bearer (MfCK)                Turns: 5560, Time: 00:08:25

Health: -3/56      AC: 11    Str: 12    XL:     7   Next: 88%
Magic:  0/7        EV: 13    Int: 14    God:    Xom [.....*]
Gold:   136        SH:  0    Dex: 15    Spells: 6/6 levels left

rFire    . . .     SeeInvis .   a - +0 halberd
rCold    . . .     Gourm    .   (shield currently unavailable)
rNeg     . . .     Faith    .   m - +2 ring mail {rPois}
rPois    +         Spirit   +   (no helmet)
rElec    .         Reflect  .   (no cloak)
rCorr    .         Harm     .   k - +1 pair of gloves
MR       .....                  (no boots)
Stlth    +.........             s - amulet of guardian spirit
HPRegen  0.18/turn              (no ring)
MPRegen  0.10/turn              (no ring)

@: no status effects
A: change form in water, swift swim, stealthy swim, slimy green scales 1, agile
1, blurry vision 1, wild magic 1
a: Renounce Religion


You were on level 6 of the Dungeon.
You worshipped Xom.
You were Xom's teddy bear.
You were hungry.

You visited 1 branch of the dungeon, and saw 6 of its levels.

You collected 136 gold pieces.

Inventory:

Hand Weapons
 a - a +0 halberd (weapon)
 b - a +1 trident
 l - the +4 war axe of Wu Jian's Condemnation {flame, rPois Stlth+}
   (You found it on level 5 of the Dungeon)

   It has been specially enchanted to burn those struck by it, causing extra
   injury to most foes and up to half again as much damage against particularly
   susceptible opponents.
   Big, fiery blades are also staple armaments of hydra-hunters.
   It protects you from poison.
   It makes you more stealthy.
Missiles
 h - a throwing net (quivered)
Armour
 k - a +1 pair of gloves (worn)
 m - a +2 ring mail of poison resistance (worn)
 o - a +2 scale mail of magic resistance
Jewellery
 s - an amulet of guardian spirit (around neck)
Scrolls
 e - 5 scrolls of teleportation {!r}
 j - a scroll of magic mapping {!r}
 n - a scroll of identify
Potions
 d - a potion of mutation {!q}
 f - 2 potions of might
 g - a potion of haste
 i - 2 potions of brilliance
 p - 2 potions of heal wounds
 q - a potion of magic
Comestibles
 c - 11 rations
 r - 3 chunks of flesh


   Skills:
 + Level 5.5 Fighting
 * Level 9.4 Polearms
 + Level 1.4 Armour
 + Level 5.9 Dodging


You had 6 spell levels left.
You didn't know any spells.
Your spell library contained the following spells:

 Spells                   Type           Power        Failure   Level  Hunger
 Corona                   Hex            #......      63%         1    ##.....
 Ensorcelled Hibernation  Hex/Ice        #.....       75%         2    ###....
 Confuse                  Hex            #.......     92%         3    ####...
 Dazzling Spray           Conj/Hex       #.....       92%         3    ####...
 Tukima's Dance           Hex            #.......     92%         3    ####...


Dungeon Overview and Level Annotations

Branches:
Dungeon (6/15)
 Temple: D:4-7

Altars:
Elyvilon
Fedhas
Gozag
Qazlal
Wu Jian
Xom
The Shining One

Shops:
D:4 :

Annotations:
D:4 Eustachio, Menkaure
D:6 Dowan, Duvessa, Edmund


Innate Abilities, Weirdness & Mutations

You revert to your normal form in water.
You are very nimble and swift while swimming.
You are very stealthy in the water. (Stealth+)
You are partially covered in slimy green scales. (AC +2)
You are agile. (Dex +2)
Scrolls take you a little longer to read.
Your spells are a little harder to cast, but a little more powerful.


Message History

c - 11 rations (gained 1)
You are now a favourite toy of Xom.
No target in view!
Edmund the Younger comes into view.
He is wielding a dire flail of draining.
Edmund shouts!
Duvessa, Sister of Dowan comes into view.
She is wielding a short sword.
An orc wizard comes into view. It is wielding a dagger.
There are monsters nearby!
An orc comes into view. It is wielding a flail.
Duvessa shouts!
The orc wizard shouts!
The orc shouts! "This might be better!"
Edmund is moving more slowly.
You are now Xom's teddy bear.
The orc wizard casts a spell.
The orc wizard seems to speed up.
You hear a shout!
The orc wizard gestures wildly while chanting.
The orc wizard blinks!
Edmund stops moving altogether!
An orc priest comes into view. It is wielding a whip. "Heh heh heh..."
Edmund looks rather confused.
Duvessa looks rather confused.
The orc wizard looks rather confused.
Duvessa covers her eyes.
Duvessa says, "I'm a little confused."
Duvessa barely misses something.
Xom is mildly amused.
You start waiting.
The orc is too close now for your liking.
Attack whom?
Press: ? - help, Dir - move target cursor, f - orc
Aim: an orc, wielding a flail You reach to attack!
You barely miss the orc. You barely miss the orc.
The orc hits you but does no damage.
You slash the orc!
You kill the orc!
The orc priest calls down the wrath of Beogh upon you.
Pain shoots through your body!
You emit a cloud of colourful smoke!
You take 11 damage, and have 45/56 hp.
You now have 6/7 mp.
Attack whom?
Press: ? - help, Dir - move target cursor, f - orc priest
Aim: an orc priest, wielding a whip You reach to attack!
You hit the orc priest but do no damage.
You closely miss the orc priest.
The orc priest invokes the aid of Beogh against you.
You struggle to resist.
You closely miss the orc priest. The orc priest barely misses you.
You completely miss the orc priest.
The orc priest mumbles some strange prayers to Beogh against you.
Beogh smites you!
You take 9 damage, and have 36/56 hp.
You now have 4/7 mp.
You closely miss the orc priest.
The orc priest hits you but does no damage.
You barely miss the orc priest. The orc priest closely misses you. x2
You hit the orc priest.
The orc priest is heavily wounded.
The orc priest calls down the wrath of Beogh upon you.
Pain shoots through your body!
* * * LOW HITPOINT WARNING * * *
You take 12 damage, and have 24/56 hp.
MASSIVE DAMAGE!!
You now have 3/7 mp.
You barely miss the orc priest.
The orc priest is moderately wounded.
The orc priest completely misses you.
You hit the orc priest but do no damage.
The orc priest is moderately wounded.
The orc priest hits you but does no damage.
You closely miss the orc priest.
The orc priest is moderately wounded.
The orc priest invokes the aid of Beogh against you.
Beogh smites you!
* * * LOW HITPOINT WARNING * * *
You take 9 damage, and have 15/56 hp.
You now have 2/7 mp.
You puncture the orc priest!
The orc priest is almost dead.
The orc priest barely misses you.
You barely miss the orc priest.
The orc priest is almost dead.
The orc priest completely misses you.
You barely miss the orc priest.
The orc priest is almost dead.
The orc priest hits you with a whip.
* * * LOW HITPOINT WARNING * * *
You take 2 damage, and have 13/56 hp.
You barely miss the orc priest.
The orc priest is almost dead.
The orc priest calls down the wrath of Beogh upon you.
Beogh smites you!
* * * LOW HITPOINT WARNING * * *
You take 9 damage, and have 4/56 hp.
You now have 0/7 mp.
You puncture the orc priest!
You kill the orc priest!
You are feeling hungry.
Dowan, Brother of Duvessa comes into view.
He is wielding a dagger.
Dowan shouts!
Dowan points at you and mumbles some strange words.
The puff of frost hits you!
You die...
Xom roars with laughter!

#o.# ............#... #..#
##....#...###.. #..#
##..........#...
#.######.e......##..... #.#
#.##...............
..#####.####.................
........##§.............#....
###.....§§.......<...........
###....§..@............##..
##...........<#..........
#...........###.....#...
#..........### #........
#..........## #.......
............# #.......
...........## ##.<....
#........# #...).. ##......


You could see Dowan.

Vanquished Creatures
  An orc warrior (D:2)
  A sky beast (D:5)
  A centaur (D:5)
  2 howler monkeys
  2 crimson imps
  An orc priest (D:6)
  An orc wizard (D:6)
  An iguana (D:4)
  4 worker ants
  7 adders
  A shadow imp (D:5)
  3 oozes
  An adder zombie (D:6)
  4 dart slugs
  2 leopard geckos
  16 orcs
  A ball python (D:5)
  2 bats (D:2)
  4 giant cockroaches
  7 goblins
  11 hobgoblins
  11 jackals
  8 kobolds
  3 quokkas
  2 frilled lizards
  9 rats
106 creatures vanquished.

Vanquished Creatures (others)
  2 octopodes (D:1)
  2 gargoyles (D:1)
  An elf (D:1)
  A vine stalker (D:1)
  A spriggan (D:1)
  A human (D:1)
  A dwarf (D:1)
  An orc (D:1)
  2 kobolds (D:1)
  5 tentacles (D:1)
17 creatures vanquished.

Grand Total: 123 creatures vanquished

Notes
Turn   | Place    | Note
-------+----------+-------------------------------------------
     0 | D:1      | Monsterracer the Merfolk Chaos Knight began the quest for
                  | the Orb.
     0 | D:1      | Reached XP level 1. HP: 18/18 MP: 1/1
     0 | D:1      | Noticed an octopode
     0 | D:1      | Noticed a human
     0 | D:1      | Noticed an elf
     0 | D:1      | Noticed a gargoyle
     0 | D:1      | Noticed a kraken
     0 | D:1      | Noticed a gargoyle
     0 | D:1      | Noticed a vine stalker
     0 | D:1      | Noticed a spriggan
     0 | D:1      | Noticed a dwarf
     0 | D:1      | Noticed an octopode
     5 | D:1      | Killed a human
     6 | D:1      | Killed a gargoyle
     6 | D:1      | Killed a dwarf
     6 | D:1      | Killed a spriggan
     7 | D:1      | Killed an octopode
     7 | D:1      | Killed an octopode
     8 | D:1      | Killed a gargoyle
    12 | D:1      | Killed an elf
    13 | D:1      | Killed a vine stalker
    54 | D:1      | XOM: divination: magic mapping
    61 | D:1      | Reached XP level 2. HP: 24/24 MP: 2/2
   117 | D:1      | Reached skill level 5 in Polearms
   308 | D:1      | XOM: cloud trail
   475 | D:1      | Reached XP level 3. HP: 29/29 MP: 3/3
   953 | D:2      | Reached XP level 4. HP: 32/37 MP: 4/4
   992 | D:2      | Found an opulent altar of Gozag.
  1002 | D:2      | XOM: cloud trail
  1040 | D:2      | XOM: scenery: create altars
  1044 | D:2      | XOM: 9-stop teleportation journey
  1267 | D:2      | Reached skill level 6 in Polearms
  1373 | D:2      | Found a glowing golden altar of the Shining One.
  1488 | D:2      | Found a blossoming altar of Fedhas.
  1746 | D:2      | Noticed an orc warrior
  1763 | D:2      | XOM: confuse monster(s)
  1772 | D:2      | XOM: summons 2 friendly demons
  1795 | D:2      | Killed an orc warrior
  1795 | D:2      | Reached skill level 7 in Polearms
  1795 | D:2      | Reached XP level 5. HP: 29/43 MP: 5/5
  1965 | D:3      | XOM: noise
  2041 | D:3      | Found a white marble altar of Elyvilon.
  2046 | D:3      | XOM: smoke on damage
  2149 | D:3      | Noticed a water elemental
  2153 | D:3      | Found a stormy altar of Qazlal.
  2154 | D:3      | Noticed an air elemental
  2154 | D:3      | Noticed a fire elemental
  2241 | D:3      | XOM: harmless Fire miscast
  2307 | D:3      | Reached XP level 6. HP: 45/49 MP: 6/6
  2397 | D:3      | Found an ornate altar of the Wu Jian Council.
  2675 | D:3      | XOM: give mutation
  2675 | D:3      | Gained mutation: Scrolls take you a little longer to read.
                  | [Xom's mischief]
  2750 | D:4      | Noticed Eustachio
  2805 | D:4      | HP: 21/49 [iguana (10)]
  2886 | D:4      | Noticed Menkaure
  3068 | D:4      | XOM: mild Erth miscast
  3099 | D:4      | XOM: mild Erth miscast
  3321 | D:4      | XOM: confuse monster(s)
  3414 | D:4      | Found Uqol's Book Shop.
  3467 | D:4      | Reached skill level 8 in Polearms
  3574 | D:4      | Reached skill level 5 in Dodging
  3669 | D:4      | HP: 24/50 [ogre/giant club (4)]
  3828 | D:3      | XOM: harmless Conj miscast
  3858 | D:3      | XOM is BORED!
  3858 | D:3      | XOM: mild Hex miscast
  3931 | D:4      | Reached skill level 5 in Fighting
  3938 | D:5      | Entered Level 5 of the Dungeon
  3994 | D:5      | HP: 23/51 [worker ant (4)]
  4002 | D:5      | HP: 21/51 [poisoned by a worker ant]
  4007 | D:5      | HP: 13/51 [worker ant (6)]
  4015 | D:5      | HP: 12/51 [poisoned by a worker ant]
  4143 | D:5      | XOM: medium Hex miscast
  4210 | D:5      | XOM: mild Hex miscast
  4404 | D:5      | Noticed a sky beast
  4456 | D:5      | Reached XP level 7. HP: 56/56 MP: 7/7
  4604 | D:5      | Got a bloodstained war axe
  4708 | D:5      | Identified the +4 war axe of Wu Jian's Condemnation {flame,
                  | rPois Stlth+} (You found it on level 5 of the Dungeon)
  4732 | D:5      | XOM: mild Summ miscast
  4834 | D:5      | XOM: give mutations
  4834 | D:5      | Gained mutation: You are partially covered in slimy green
                  | scales. (AC +2) [Xom's grace]
  4834 | D:5      | Gained mutation: You are agile. (Dex +2) [Xom's grace]
  4834 | D:5      | Gained mutation: Your spells are a little harder to cast,
                  | but a little more powerful. [Xom's grace]
  5297 | D:6      | XOM: god gift: 3 rations
  5343 | D:6      | XOM: polymorph orc warrior -> centaur
  5357 | D:5      | Reached skill level 9 in Polearms
  5357 | D:5      | Reached skill level 1 in Armour
  5367 | D:6      | XOM: polymorph orc -> ball python
  5371 | D:5      | XOM: enchant monster (good)
  5517 | D:6      | Noticed Edmund
  5517 | D:6      | Noticed Duvessa
  5518 | D:6      | XOM: enchant monster (good)
  5523 | D:6      | XOM: confuse monster(s)
  5542 | D:6      | XOM: smoke on damage
  5549 | D:6      | HP: 24/56 [orc priest/nerve-wracking pain (12)]
  5555 | D:6      | HP: 13/56 [orc priest/whip (2)]
  5556 | D:6      | HP: 4/56 [orc priest/divine providence (9)]
  5557 | D:6      | Noticed Dowan
  5560 | D:6      | Killed from afar by Dowan

Skill      XL: |  1  2  3  4  5  6  7 |
---------------+----------------------+-----
Dodging        | 3 4 5 |  5.9
Polearms       | 5 7 8 9 |  9.4
Fighting       | 4 5 |  5.5
Armour         | 1 |  1.4

Action                   |  1- 3 |  4- 6 |  7- 9 || total
-------------------------+-------+-------+-------++-------
Melee: Spear             |   107 |     1 |       ||   108
       Trident           |       |   379 |       ||   379
       Halberd           |       |    35 |    94 ||   129
  Use: Scroll            |       |    13 |     3 ||    16
 Stab: Sleeping          |     1 |       |       ||     1
       Confused          |       |     6 |       ||     6
       Petrified         |       |       |     6 ||     6
  Eat: Chunk             |       |    12 |     3 ||    15
Armor: Leather armour    |    25 |     6 |       ||    31
       Ring mail         |       |   115 |    28 ||   143
Dodge: Dodged            |    45 |   203 |    57 ||   305

Vault maps used:
D:1:      nicolae_arrival_kraken_aquarium_a, serial_park_tiny_1,
          serial_park_tiny_pond
D:2:      fedhas_altar_fruit_tree, nicolae_gozag_seed_capital,
          nicolae_tso_swordbearing_angel, first_ration
D:3:      nicolae_overflow_crystal_walls, marbit_many_paths,
          nicolae_qazlal_style_of_elements
D:4:      grunt_temple_overflow_magic_moments, kennysheep_okawaru_gauntlet,
          lemuel_doored_altar, minmay_temple_entry_poolview, serial_shops, shop,
          uniq_menkaure, uniq_eustachio
D:5:      minmay_holes
D:6:      minmay_misc_feat_pillars, hangedman_abyss_or_decor_lesser_grid,
          uniq_blork_the_orc, uniq_prince_ribbit1, uniq_edmund, uniq_duvessa
